 Dungeon Crawl Stone Soup version 0.31-a0-819-gf6de2f5ab6 (webtiles) character file.

Game seed: 4444304628360699153

42 Leeroy the Changeling (level 3, -1/26 HPs)
             Began as a Merfolk Shapeshifter on Sept 23, 2023.
             Killed from afar by Ijyb (14 damage)
             ... with a bolt of acid
             ... on level 3 of the Dungeon.
             The game lasted 00:01:30 (1540 turns).

Leeroy the Changeling (Merfolk Shapeshifter)        Turns: 1540, Time: 00:01:30

Health: -1/26      AC:  2    Str: 16    XL:     3   Next: 56%
Magic:  3/3        EV: 12    Int:  9    God:
Gold:   99         SH:  0    Dex: 13    Spells: 2/2 levels left

rFire   . .          .
                       - Unarmed
rCold   . . .        (no shield)
rNeg    . . .        a - +0 animal skin
rPois   .            (helmet currently unavailable)
rElec   .            (cloak currently unavailable)
rCorr   .            (gloves currently unavailable)
SInv    .            (boots currently unavailable)
Will    .....        (no amulet)
Stlth   +            (no ring)
HPRegen 0.24/turn    (no ring)
MPRegen 0.08/turn

%: no passive effects
@: beast-form
A: beast (slay +3), (nimble swimmer 2), mertail
a: Begin Untransformation


You were on level 3 of the Dungeon.
You were a hulking beast.
You visited 1 branch of the dungeon, and saw 3 of its levels.

You collected 99 gold pieces.

Inventory:

Hand Weapons
 e - a +2 short sword of venom
Armour
 a - a +0 animal skin (worn)
 k - a +0 pair of boots
Talismans
 c - a beast talisman (active)
 d - a flux talisman
Scrolls
 b - a scroll of fear {unknown}
 f - a scroll of fog {unknown}
 g - 2 scrolls of poison {unknown}
 h - a scroll of revelation {unknown}
 j - a scroll of enchant armour {unknown}
 l - a scroll of identify {unknown}
Potions
 i - a potion of enlightenment {unknown}
 m - 2 potions of curing {unknown}
 n - a potion of magic {unknown}
 o - a potion of lignification
 p - a potion of invisibility {unknown}


   Skills:
 - Level 1.1 Fighting
 - Level 2.6 Dodging
 - Level 3.2 Unarmed Combat
 + Level 5.7 Shapeshifting


You had 2 spell levels left.
You didn't know any spells.
Your spell library was empty.

Dungeon Overview and Level Annotations

Branches:
Dungeon (3/15)

Altars:

Annotations:
D:3 Ijyb


Innate Abilities, Weirdness & Mutations

You are a hulking beast.
Your limbs bulge with bestial killing power. (Slay +3)
((You are very nimble when in or above water. (Stealth+, EV+, Speed+++)))
Your lower body shifts to a powerful aquatic tail in water.


Message History

You see here a bat corpse.
You start waiting.
Ijyb is nearby!
Ijyb hits you with a +0 dagger.
You closely miss Ijyb.
The adder hisses angrily.
Ijyb zaps a wand.
The bolt of acid misses you.
You hit Ijyb but do no damage. Ijyb hits you with a +0 dagger.
You hit Ijyb.
Ijyb is moderately wounded.
Ijyb hits you with a +0 dagger.
You hit Ijyb but do no damage.
Ijyb is moderately wounded.
Ijyb hits you with a +0 dagger.
You hit Ijyb.
Ijyb is moderately wounded.
Ijyb misses you.
You hit Ijyb.
Ijyb is heavily wounded.
Ijyb hits you with a +0 dagger.
You closely miss Ijyb.
Ijyb is heavily wounded.
Ijyb closely misses you.
You hit Ijyb but do no damage.
Ijyb is heavily wounded.
Ijyb misses you.
You barely miss Ijyb.
Ijyb is heavily wounded.
Ijyb zaps a wand.
The bolt of acid misses you.
You hit Ijyb but do no damage.
Ijyb is heavily wounded.
Ijyb hits you with a +0 dagger.
You hit Ijyb.
Ijyb is severely wounded.
Ijyb barely misses you.
You hit Ijyb.
Ijyb is severely wounded.
Ijyb zaps a wand.
The bolt of acid hits you!
Ouch! That really hurt!
You die...

## ####### ..
.....
###.##...######
...............
..Sg...S..#
#.#####g#.#
..##h# # #.#..#
# #.#.## #.
#.#.#
#.##.#.##.#
#.........#
####.#.####
#.#.# #.#.#


You could see Ijyb and an adder.

Vanquished Creatures
  An adder (D:2)
  A dart slug (D:2)
  2 endoplasms
  3 giant cockroaches
  A goblin (D:1)
  A hobgoblin (D:2)
  3 jackals (D:2)
  2 kobolds (D:1)
  3 quokkas
  4 ball pythons
  5 bats
  3 frilled lizards (D:1)
  2 rats (D:1)
31 creatures vanquished.

Notes
Turn   | Place    | Note
-------+----------+-------------------------------------------
     0 | D:1      | Leeroy the Merfolk Shapeshifter began the quest for the
                  | Orb.
     0 | D:1      | Reached XP level 1. HP: 15/15 MP: 1/1
   211 | D:1      | Reached XP level 2. HP: 21/21 MP: 2/2
   912 | D:2      | Reached skill level 5 in Shapeshifting
   977 | D:2      | Reached XP level 3. HP: 4/26 MP: 3/3
  1522 | D:3      | Noticed Ijyb
  1540 | D:3      | Killed from afar by Ijyb

Illustrated notes

Levels and vault maps discovered:
D:1:      sevenhm_arrival_forest_fort_large_2, layout_loops_ring
D:2:      layout_basic, kennysheep_another_room
D:3:      layout_loops_ring, mainiacjoe_overflow_concentric_impassable,
          nicolae_wormholes, uniq_ijyb

Skill      XL: |  1  2 |
---------------+-------+-----
Shapeshifting  | 5 |  5.7
Fighting       | |  1.1
Dodging        | |  2.6
Unarmed Combat | |  3.2

Action                     || total
---------------------------++-------
  Melee: Unarmed           ||    91
         Punch             ||     5
    Use: Potion            ||     1
   Stab: Sleeping          ||     1
 Armour: Animal skin       ||    42
         Skin              ||     1
  Dodge: Dodged            ||    54

Table legend: (Time is in decaauts)
 A = Elapsed time spent in this place.
 B = Non-inter-level travel time spent in this place.
 C = Inter-level travel time spent in this place.
 D = Time resting spent in this place.
 E = Time spent auto-exploring this place.
 F = Levels seen in this place.
 G = Mean time per level.
                   A        B        C        D        E       F      G
               +--------+--------+--------+--------+--------+-----+--------+
         Total |   1534 |   1425 |    109 |      3 |   1208 |   3 |  511.3 |
       Dungeon |   1534 |   1425 |    109 |      3 |   1208 |   3 |  511.3 |
               +--------+--------+--------+--------+--------+-----+--------+

Top non-repeatable levels by time:
     D:1: 876 daAuts
     D:2: 617 daAuts
     D:3: 39 daAuts
